 Dungeon Crawl Stone Soup version 0.29-a0-469-gd254ca6 (webtiles) character file.

Game seed: 11282728122450884116

1036 Think the Slicer (level 8, -10/52 HPs)
             Began as an Octopode Fighter on May 22, 2022.
             Was an Elder of Ignis.
             Mangled by an ogre
             ... wielding a +0 giant club
              (13 damage)
             ... on level 5 of the Dungeon.
             The game lasted 00:11:47 (5242 turns).

Think the Slicer (Octopode Fighter)                 Turns: 5242, Time: 00:11:48

Health: -10/52     AC:  8    Str: 19    XL:     8   Next: 24%
Magic:  0/8        EV: 13    Int:  8    God:    Ignis [****..]
Gold:   249        SH:  5    Dex: 11    Spells: 5/7 levels left

rFire   + + .      SeeInvis .   a - +0 rapier
rCold   . . .      Faith    .   s - +1 buckler "Quommamn" {rElec rF+ Str+2 Int-3}
rNeg    . . .      Spirit   +   (helmet restricted)
rPois   +          Reflect  .   r - amulet of guardian spirit
rElec   +          Harm     .   q - ring of poison resistance
rCorr   .          Rampage  .   (no ring)
Will    .....                   (no ring)
Stlth   ++........              (no ring)
HPRegen 0.17/turn               (no ring)
MPRegen 0.11/turn               (no ring)
                                (no ring)
                                (no ring)

@: rising, fiery-armoured, flying
A: almost no armour, amphibious, 8 rings, camouflage 1, gelatinous body 1,
(nimble swimmer 1), tentacles
a: Renounce Religion, Fiery Armour, Foxfire Swarm


You were on level 5 of the Dungeon.
You worshipped Ignis.
Ignis was greatly pleased with you.
You visited 1 branch of the dungeon, and saw 5 of its levels.
You also visited: Sewer.

You collected 249 gold pieces.

Inventory:

Hand Weapons
 a - a +0 rapier (weapon)
Missiles
 y - 2 throwing nets (quivered)
 B - 2 javelins
Armour
 b - a +0 buckler
 s - the +1 buckler "Quommamn" (worn) {rElec rF+ Str+2 Int-3}
   (You found it on level 3 of the Dungeon)

   Str:       It affects your strength (+2).
   Int:       It affects your intelligence (-3).
   rF:        It protects you from fire.
   rElec:     It insulates you from electricity.
Jewellery
 q - a ring of poison resistance (left tentacle)
 r - an amulet of guardian spirit (around mantle)
Wands
 w - a wand of polymorph (10)
Scrolls
 d - 2 scrolls of teleportation
 f - a scroll of enchant armour
 g - a scroll of amnesia
 i - 3 scrolls of identify
 j - a scroll of noise {unknown}
 k - a scroll of immolation {unknown}
 l - a scroll of poison {unknown}
 m - a scroll of magic mapping {unknown}
 n - a scroll of vulnerability {unknown}
 t - 3 scrolls of fear {unknown}
Potions
 c - a potion of might
 e - a potion of haste {unknown}
 h - a potion of invisibility {unknown}
 o - 3 potions of ambrosia {unknown}
 p - a potion of berserk rage {unknown}
 u - a potion of curing {unknown}
 v - 2 potions of lignification {unknown}
 x - 2 potions of attraction {unknown}
 z - a potion of heal wounds {unknown}
 A - a potion of mutation {unknown}


   Skills:
 - Level 3.0 Fighting
 + Level 9.6 Short Blades
 - Level 3.0 Dodging
 - Level 3.0 Shields


You had 5 spell levels left.
You knew the following spells:

 Your Spells              Type           Power      Damage    Failure   Level
a - Summon Small Mammal   Summ           0%         N/A       50%         1
b - Magic Dart            Conj           0%         1d3       50%         1

Your spell library contained the following spells:

 Spells                   Type           Power      Damage    Failure   Level
 Searing Ray              Conj           0%         2d4       65%         2
 Call Canine Familiar     Summ           0%         N/A       86%         3
 Summon Guardian Golem    Hex/Summ       0%         N/A       86%         3
 Fulminant Prism          Conj/Hex       0%         3d6       99%         4


Dungeon Overview and Level Annotations

Branches:
Dungeon (5/15)              Sewer (visited)
 Temple: D:4-7

Altars:
Ru
Wu Jian
Ignis

Shops:
D:3 ?


Innate Abilities, Weirdness & Mutations

You cannot wear most types of armour.
You are amphibious.
You can wear up to eight rings at the same time.
Your skin changes colour to match your surroundings (Stealth+).
Your rubbery body absorbs attacks. (AC +1, EV +1)
((You are camouflaged when in or above water. (Stealth+)))
You have tentacles for arms and can constrict up to eight enemies at once.


Message History

Welcome back to the Dungeon!
You block the bat's attack.
There is a collapsed entrance, spattered with blood here.
You hit the bat but do no damage. You grab the bat. You constrict the bat.
You block the bat's attack.
The bat struggles to escape constriction.
You puncture the bat!
You kill the bat!
No target in view!
An ogre comes into view. It is wielding a +0 giant club.
An ogre is nearby!
Found a scroll of identify.
Hit: a) +0 rapier
Press: ? - help, Dir - move target, f - you
Okay, then.
Hit: a) +0 rapier
Press: ? - help, Dir - move target, f - you
Okay, then.
Okay, then.
Casting: Magic Dart (safe; 50% risk of failure)
Confirm with . or Enter, or press ? or * to list all spells.
Aiming: Magic Dart (safe; 50% risk of failure)
Press: ? - help, Shift-Dir - straight line, f - ogre
Aim: an ogre, wielding a +0 giant club (100% to hit)
The magic dart hits the ogre.
The ogre is lightly wounded.
The ogre closely misses you.
You hit the ogre.
The ogre is lightly wounded.
You hit the ogre but do no damage. Your squeeze misses the ogre.
The ogre is lightly wounded.
The ogre hits you with a +0 giant club!!
You barely miss the ogre. You squeeze the ogre.
The ogre is lightly wounded.
The ogre hits you with a +0 giant club!!
* * * LOW HITPOINT WARNING * * *
You are too injured to fight recklessly!
A protective cloak of flame settles atop you.
You begin to rise into the air.
The ogre barely misses you. The ogre attacks as you move away!
The ogre hits you with a +0 giant club!
You die...

# #.............#
#.#.......#####.#
#.........##.#.. ## ##
###.###..###.#..##..
...
.................#.##?#
....##....##.#...#....
.............#...#..#
....#######......#..#
....+ #......@O..#
....# #........#.#
....# #..[.....# ....#
#........#
#+####.###........#.#
#.# ..............# #.#
######......##### #.#
#....≈............
#.###.##≈≈≈≈≈##..#.##.


You could see an ogre.

Vanquished Creatures
  Menkaure (D:5)
  A water moccasin (Sewer)
  An ogre (D:4)
  5 phantoms
  A scorpion (D:4)
  A necrophage (D:5)
  3 hounds
  An iguana (D:5)
  An orc wizard (D:3)
  3 adders (D:4)
  A worm (D:4)
  4 dart slugs
  3 orcs
  4 endoplasms
  3 giant cockroaches
  10 hobgoblins
  8 jackals
  3 quokkas (D:2)
  8 ball pythons
  3 bats
  2 frilled lizards (D:2)
  5 goblins
  5 kobolds
  A rat (D:1)
78 creatures vanquished.

Notes
Turn   | Place    | Note
-------+----------+-------------------------------------------
     0 | D:1      | Think the Octopode Fighter began the quest for the Orb.
     0 | D:1      | Reached XP level 1. HP: 16/16 MP: 1/1
   201 | D:1      | Found a faded altar of an unknown god.
   212 | D:1      | Prayed at the altar of an unknown god.
   212 | D:1      | Became a worshipper of Ignis, the Dying Flame
   242 | D:1      | Reached XP level 2. HP: 8/21 MP: 2/2
   917 | D:1      | Reached skill level 3 in Short Blades
  1239 | D:2      | Reached XP level 3. HP: 22/26 MP: 3/3
  1241 | D:2      | Learned a level 1 spell: Summon Small Mammal
  2185 | D:2      | Learned a level 1 spell: Magic Dart
  2288 | D:3      | Reached skill level 4 in Short Blades
  2288 | D:3      | Reached XP level 4. HP: 18/31 MP: 1/4
  2548 | D:3      | Identified the +1 buckler "Quommamn" {rElec rF+ Str+2
                  | Int-3}
  2595 | D:3      | Found Ylutileg's Magic Scroll Shop.
  3105 | D:4      | Noticed a scorpion
  3112 | D:4      | Killed a scorpion
  3113 | D:4      | Reached skill level 5 in Short Blades
  3113 | D:4      | Reached XP level 5. HP: 32/36 MP: 3/5
  3189 | D:4      | Noticed a phantom
  3218 | D:4      | Killed a phantom
  3219 | D:4      | Reached skill level 6 in Short Blades
  3219 | D:4      | Reached XP level 6. HP: 22/42 MP: 3/6
  3580 | D:4      | Reached skill level 7 in Short Blades
  3721 | D:4      | Found an ornate altar of the Wu Jian Council.
  3875 | D:4      | Reached XP level 7. HP: 24/46 MP: 3/7
  4427 | D:5      | Entered Level 5 of the Dungeon
  4461 | D:5      | Reached skill level 8 in Short Blades
  4635 | D:5      | Found a sacrificial altar of Ru.
  4801 | D:5      | Noticed Menkaure
  4806 | D:5      | Killed Menkaure
  4807 | D:5      | Reached skill level 9 in Short Blades
  4807 | D:5      | Reached XP level 8. HP: 35/52 MP: 5/8
  4908 | D:5      | Found a glowing drain.
  4919 | Sewer    | Entered a sewer
  5242 | D:5      | Mangled by an ogre

Illustrated notes

Levels and vault maps discovered:
D:1:      dpeg_arrival_rooms_with_view, layout_basic,
          dreamdust_ecumenical_altar_statues, st_stairs_5
D:2:      layout_basic, minmay_misc_feat_plants
D:3:      layout_loops_ring, serial_shops, nicolae_shop_statue_plus
D:4:      layout_rooms, mainiacjoe_overflow_concentric_impassable,
          minmay_crystal_water, patterned_corridor
D:5:      layout_basic, mainiacjoe_overflow_cross_hatched,
          cheibrodos_sewer_entry_sluice, uniq_menkaure

Skill      XL: |  1  2  3  4  5  6  7 |
---------------+----------------------+-----
Short Blades   | 3 4 5 6 7 9 |  9.6
Fighting       | |  3.0
Dodging        | |  3.0
Shields        | |  3.0

Action                   |  1- 3 |  4- 6 |  7- 9 || total
-------------------------+-------+-------+-------++-------
Melee: Rapier            |    78 |    76 |    66 ||   220
       Tentacles         |    14 |    14 |    10 ||    38
       Constrict         |    17 |    11 |    11 ||    39
       Punch             |       |       |     1 ||     1
 Cast: Summon Small Mamm |     4 |       |       ||     4
       Magic Dart        |       |       |     3 ||     3
Invok: Fiery Armour      |       |     2 |     1 ||     3
       Rising Flame      |       |       |     1 ||     1
  Use: Scroll            |     3 |       |       ||     3
 Stab: Sleeping          |     5 |     4 |     5 ||    14
Armor: Skin              |     3 |     8 |     1 ||    12
Dodge: Dodged            |    30 |    32 |    24 ||    86
Block: Buckler           |    16 |    18 |    12 ||    46

Table legend: (Time is in decaauts)
 A = Elapsed time spent in this place.
 B = Non-inter-level travel time spent in this place.
 C = Inter-level travel time spent in this place.
 D = Time resting spent in this place.
 E = Time spent auto-exploring this place.
 F = Levels seen in this place.
 G = Mean time per level.
                   A        B        C        D        E       F      G
               +--------+--------+--------+--------+--------+-----+--------+
         Total |   5231 |   5145 |     86 |    733 |   3655 |   6 |  871.8 |
       Dungeon |   4932 |   4846 |     86 |    733 |   3451 |   5 |  986.4 |
         Sewer |    298 |    298 |      0 |      0 |    204 |   1 |  298.0 |
               +--------+--------+--------+--------+--------+-----+--------+

Top non-repeatable levels by time:
     D:4: 1315 daAuts
     D:2: 1217 daAuts
     D:1: 984 daAuts
     D:3: 906 daAuts
     D:5: 508 daAuts
   Sewer: 298 daAuts
